 Dungeon Crawl Stone Soup version 0.30-a0-360-g447f08457e (webtiles) character file.

Game seed: 11720021588326531689

66992 jlumianski the Demonic Cataclysm (level 14, -73/107 (108) HPs)
             Began as a Demonspawn Fighter on Nov 13, 2022.
             Was a High Priest of Qazlal.
             Blown up by a lich (97 damage)
             ... with an orb of destruction
             ... on level 15 of the Dungeon.
             The game lasted 01:41:22 (20237 turns).

jlumianski the Demonic Cataclysm (DsFi)            Turns: 20237, Time: 01:41:23

HP:   -73/107 (108) AC: 35    Str: 26    XL:     14   Next: 81%
MP:   24/24         EV: 11    Int: 11    God:    Qazlal [*****.]
Gold: 985           SH: 19    Dex: 13    Spells: 13/13 levels left

rFire   . . .      SeeInvis .    a - +1 war axe (flame)
rCold   . . .      Faith    .    W - +2 kite shield
rNeg    + + .      Spirit   .    b - +9 plate armour of Xetoxt {rN++}
rPois   .          Reflect  .    (helmet unavailable)
rElec   +          Harm     +    N - scarf {harm}
rCorr   .          Rampage  .    q - +3 pair of gauntlets of War {Slay+5}
Will    +....                    r - +2 pair of boots
Stlth   ..........               (no amulet)
HPRegen 0.37/turn                T - +4 ring of evasion
MPRegen 0.19/turn                d - +6 ring of strength

@: slowed, studying 2 skills, lightly drained, repel missiles, very slow
A: horns 3, thin metallic scales 3, demonic guardian 1, spiny 2
a: Renounce Religion, Upheaval, Elemental Force, Disaster Area


You were on level 15 of the Dungeon.
You worshipped Qazlal.
Qazlal was extremely pleased with you.
You visited 4 branches of the dungeon, and saw 23 of its levels.

You collected 1792 gold pieces.
You spent 807 gold pieces at shops.

Inventory:

Hand Weapons
 a - a +1 war axe of flaming (weapon)
 j - the +8 mace of Kindness {speed, rF++ Int+4 Stlth+}
   (You found it on level 10 of the Dungeon)

   Attacks with this weapon are significantly faster.
   Int:       It affects your intelligence (+4).
   rF:        It greatly protects you from fire.
   Stlth:     It makes you more stealthy.
Missiles
 h - 10 boomerangs
 m - 45 poisoned darts (quivered)
 I - 6 javelins
 M - 3 atropa-tipped darts
Armour
 b - the +9 plate armour of Xetoxt (worn) {rN++}
   (You acquired it on level 10 of the Dungeon)

   rN:        It greatly protects you from negative energy.
 n - the +1 scale mail of Yredelemnul's Regard {rElec rCorr Str-2 Stlth-}
   (You bought it in a shop on level 11 of the Dungeon)

   Str:       It affects your strength (-2).
   rElec:     It insulates you from electricity.
   rCorr:     It protects you from acid and corrosion.
   Stlth:     It makes you less stealthy.
 p - a +1 kite shield
 q - the +3 pair of gauntlets of War (worn) {Slay+5}
   (You acquired it on level 11 of the Dungeon)

   Slay:      It affects your accuracy & damage with ranged weapons and melee
   (+5).
 r - a +2 pair of boots (worn)
 w - a +2 pair of gloves
 B - a scarf of shadows
 N - a scarf of harm (worn)
 Q - a +0 buckler of fire resistance
 W - a +2 kite shield (worn)
Jewellery
 d - a +6 ring of strength (right hand)
 s - a ring of flight
 z - a +4 ring of protection
 C - a ring of fire
 E - a ring of see invisible
 T - a +4 ring of evasion (left hand)
Wands
 u - a wand of iceblast (20)
 A - a wand of flame (61)
 G - a wand of light (14)
 P - a wand of digging (6)
 S - a wand of charming (10)
 V - a wand of mindburst (3)
Scrolls
 c - 2 scrolls of poison
 e - 12 scrolls of teleportation
 k - 7 scrolls of identify
 v - 2 scrolls of enchant weapon
 x - a scroll of enchant armour
 y - 3 scrolls of summoning
 J - a scroll of fog
 K - 5 scrolls of magic mapping
 L - 5 scrolls of fear
Potions
 f - a potion of resistance
 g - 8 potions of heal wounds
 i - 2 potions of cancellation
 l - a potion of invisibility
 t - a potion of attraction
 D - 4 potions of might
 H - 10 potions of curing
 U - a potion of flight
Miscellaneous
 F - a phial of floods
 O - a tin of tremorstones (2/2)
 R - a box of beasts


   Skills:
 + Level 9.2 Fighting
 + Level 13.0 Axes
 + Level 0.2 Staves
 + Level 2.3 Throwing
 + Level 9.4 Armour
 + Level 3.4 Dodging
 - Level 1.1 Stealth
 + Level 10.8 Shields
 * Level 13.4 Invocations
 * Level 10.9 Evocations


You had 13 spell levels left.
You didn't know any spells.
Your spell library contained the following spells:

 Spells                   Type           Power      Damage    Failure   Level
 Apportation              Tloc           0%         N/A       100%        1
 Beastly Appendage        Tmut           0%         N/A       100%        1
 Foxfire                  Conj/Fire      0%         2x1d4     100%        1
 Magic Dart               Conj           0%         1d3       100%        1
 Necrotise                Necr           0%         1d4       100%        1
 Shock                    Conj/Air       0%         1d3       100%        1
 Summon Small Mammal      Summ           0%         N/A       100%        1
 Cigotuvi's Dreadful Rot  Necr/Pois/Air  0%         N/A       100%        2
 Poisonous Vapours        Pois/Air       0%         N/A       100%        2
 Searing Ray              Conj           0%         2d4       100%        2
 Static Discharge         Conj/Air       0%         2-2/arc   100%        2
 Wereblood                Tmut           0%         N/A       100%        2
 Call Canine Familiar     Summ           0%         N/A       100%        3
 Gell's Gravitas          Tloc           0%         N/A       100%        3
 Hailstorm                Conj/Ice       0%         3d3       100%        3
 Kindle Blastsparks       Fire/Tloc/Air  0%         2d10      100%        3
 Lesser Beckoning         Tloc           0%         N/A       100%        3
 Mephitic Cloud           Conj/Pois/Air  0%         N/A       100%        3
 Portal Projectile        Hex/Tloc       0%         N/A       100%        3
 Spider Form              Tmut/Pois      0%         N/A       100%        3
 Summon Guardian Golem    Hex/Summ       0%         N/A       100%        3
 Swiftness                Air            0%         N/A       100%        3
 Teleport Other           Tloc           0%         N/A       100%        3
 Tukima's Dance           Hex            0%         N/A       100%        3
 Airstrike                Air            0%         2d(0-16)  100%        4
 Anguish                  Hex/Necr       0%         N/A       100%        4
 Animate Armour           Summ/Erth      0%         N/A       100%        4
 Fulminant Prism          Conj/Hex       0%         3d5       100%        4
 Ice Form                 Ice/Tmut       0%         N/A       100%        4
 Iskenderun's Mystic Bla  Conj/Tloc      0%         2d3       100%        4
 Leda's Liquefaction      Hex/Erth       0%         N/A       100%        4
 Passage of Golubria      Tloc           0%         N/A       100%        4
 Summon Lightning Spire   Summ/Air       0%         N/A       100%        4
 Blade Hands              Tmut           0%         N/A       100%        5
 Lee's Rapid Deconstruct  Erth           0%         3d4*      100%        5
 Yara's Violent Unravell  Hex/Tmut       0%         3d3       100%        5
 Conjure Ball Lightning   Conj/Air       0%         3x3d6     100%        6
 Iron Shot                Conj/Erth      0%         9d1       100%        6
 Simulacrum               Ice/Necr       0%         N/A       100%        6
 Enfeeble                 Hex            0%         N/A       100%        7
 Malign Gateway           Summ/Tloc      0%         N/A       100%        7
 Storm Form               Tmut/Air       0%         N/A       100%        7
 Maxwell's Capacitive Co  Air            0%         ∞         100%        8


Dungeon Overview and Level Annotations

Branches:
Dungeon (15/15)            Temple (1/1) D:4            Lair (5/5) D:9
 Shoals (0/4) Lair:3        Snake (0/4) Lair:2        Slime (0/5) Lair:4
    Orc (2/2) D:9          Vaults (0/5) D:14         Depths (0/4) D:15
    Elf: Orc:2

Altars:
Ashenzari
Cheibriados
Dithmenos
Fedhas
Gozag
Hepliaklqana
Kikubaaqudgha
Makhleb
Nemelex Xobeh
Okawaru
Qazlal
Ru
Sif Muna
Trog
Uskayaw
Vehumet
Wu Jian
Xom
Yredelemnul
Jiyva

Shops:
D:2 *:*:   D:9 [   D:11 [

Annotations:
D:8 1 runed translucent door, equiv's ghost, novice DgRe
D:15 DeathPants's ghost, journeyman MiMo
Lair:2 exclusion: oklob plant
Orc:2 Nessos


Innate Abilities, Weirdness & Mutations

You have a pair of large horns on your head.
You are completely covered in thin metallic scales. (AC +4, rElec)
A weak demonic guardian rushes to your aid.
You are mostly covered in sharp spines.


Message History

Your earth elemental is destroyed!
Your earth elemental disappears in a puff of smoke!
Your water elemental completely misses DeathPants's ghost.
Your ice devil hits DeathPants's ghost!
Your ice devil freezes DeathPants's ghost!
You feel yourself slow down.
The lich is engulfed in freezing vapours.
Something conjures a glowing orb.
An orb of destruction comes into view.
Something conjures a glowing orb.
The wavering orb of destruction weakly hits the lich!!
Your protection from cold is fading.
The orb of destruction hits you!!!
Ouch! That really hurt!
* * * LOW HITPOINT WARNING * * *
The lich points at you and mumbles some strange words.
The bolt of cold hits you! You resist.
* * * LOW HITPOINT WARNING * * *
You feel much better.
Something touches you but does no damage.
You hear some strange, mumbled words.
Something touches you!
* * * LOW HITPOINT WARNING * * *
A demonic guardian appears!
You partially resist.
You feel drained.
The lich points at you and mumbles some strange words.
The bolt of cold misses you.
Blink to where?
Press: ? - help, Dir - move target
As you read the scroll of blinking, it crumbles to dust.
The lich conjures an orb of pure magic.
The lich points at you and mumbles some strange words.
The bolt of cold misses you.
An orb of destruction comes into view.
There is an open door here.
You feel less protected from cold.
The lich launches a ball of destructive magic.
An orb of destruction comes into view.
The orb of destruction hits you!!!!
Ouch! That really hurt!
You die...

#.....#....#.)..[..#......#......
..#..⌠#....#.[.....#......#....(.
##.####....#...[...#......#######
..#........#......##.............
....#......#......#..............
..#.#......#......#..............
.#..#......#....<○#..............
....#......#..○...#..............
#####......##...@.#......######'#
............#.☼§○§#......#.......
............###○L.#......#.......
....######....#{###......#.......
....#....#........*L.....#.....{E
....#....#...........<...#.....§.
....#....#...............#####'4W
....#....#.......######...##...L.
....##''##...)...# #...#?..⌠_⌠


You could see a lich (fast).

Vanquished Creatures
  An ettin (D:15)
  6 hydras
  4 catoblepae
  A two-headed ogre (D:14)
  5 boulder beetles
  A centaur warrior (D:14)
  4 death yaks (Lair:5)
  5 tengu warriors
  4 skeletal warriors
  A deep troll (D:15)
  6 ugly things
  3 deep elf pyromancers
  An oklob plant (Lair:4)
  3 necromancers
  2 orc knights
  A deep elf zephyrmancer (D:15)
  An orc sorcerer (D:15)
  4 manticores
  2 cyclopes
  Maurice (D:9)
  2 black mambas
  3 elephants
  A merfolk siren (Lair:3)
  2 gargoyles
  An unseen horror (D:12)
  11 cane toads
  6 komodo dragons
  A tengu conjurer (D:15)
  A rime drake (Lair:3)
  3 trolls
  5 polar bears
  A wind drake (shapeshifter) (D:15)
  3 blink frogs (Lair:2)
  6 slime creatures
  14 dream sheep
  A spriggan (shapeshifter) (D:14)
  3 wraiths
  A centaur simulacrum (D:14)
  A vampire (D:11)
  4 wyverns
  55 yaks
  4 steam dragons
  5 basilisks
  6 vampire mosquitoes
  Edmund (D:5)
  A warg (D:15)
  13 water moccasins
  3 acid dragons
  Pargi (D:3)
  9 orc warriors
  A sky beast (D:7)
  4 black bears
  6 ice beasts
  An ogre (D:6)
  6 wolves (Lair:2)
  12 boggarts
  8 centaurs
  3 phantoms
  2 kobold brigands
  9 bullfrogs
  A gnoll sergeant (D:10)
  A necrophage (D:6)
  2 scorpions
  4 wights
  A hornet simulacrum (D:14)
  4 killer bees
  5 howler monkeys
  2 electric eels
  A hound (D:5)
  11 jellies
  6 orc priests
  6 iguanas
  12 orc wizards
  4 polar bear simulacra (Lair:2)
  2 yak simulacra (Lair:2)
  A wolf simulacrum (Lair:2)
  A mummy (D:6)
  3 gnolls (D:10)
  6 adders
  A white imp (D:6)
  3 worms (D:3)
  2 dart slugs
  47 orcs
  11 endoplasms
  2 giant cockroaches
  7 goblins
  2 hobgoblins (D:1)
  3 jackals
  23 kobolds
  2 quokkas
  5 ball pythons
  6 bats
  2 kobold zombies (D:6)
  2 orc zombies (D:6)
  4 rats
  4 river rat simulacra (Lair:2)
  A spectral kobold (D:10)
476 creatures vanquished.

Vanquished Creatures (collateral kills)
  An ironbound preserver (D:14)
  A hydra (D:14)
  A boulder beetle (D:14)
  A tengu warrior (D:13)
  A death yak (Lair:5)
  A manticore (D:14)
  A cyclops (D:13)
  A rime drake (Lair:2)
  3 yaks (Lair:5)
  An ogre (D:6)
  A bullfrog (Lair:4)
13 creatures vanquished.

Vanquished Creatures (others)
  A gnoll (D:10)
  35 fungi
  42 plants
  2 withered plants (D:8)
80 creatures vanquished.

Grand Total: 569 creatures vanquished

Notes
Turn   | Place    | Note
-------+----------+-------------------------------------------
     0 | D:1      | jlumianski the Demonspawn Fighter began the quest for the
                  | Orb.
     0 | D:1      | Reached XP level 1. HP: 18/18 MP: 1/1
   174 | D:1      | Found a faded altar of an unknown god.
   313 | D:2      | Found a shadowy altar of Dithmenos.
   330 | D:1      | Gained mutation: You have a pair of small horns on your
                  | head. [demonic ancestry]
   330 | D:1      | Reached XP level 2. HP: 7/24 MP: 2/2
   538 | D:1      | Got the Compendium of Ozone and Glamour
   741 | D:1      | Gained mutation: You are partially covered in sharp spines.
                  | [demonic ancestry]
   741 | D:1      | Reached XP level 3. HP: 26/29 MP: 3/3
   784 | D:2      | Found Opetiut's Book Boutique.
   828 | D:2      | Found Maodysiw's Assorted Antiques.
   880 | D:2      | Found Irut's Book Emporium.
   948 | D:2      | Found Cereymn's General Store.
   958 | D:2      | Bought a +0 kite shield for 49 gold pieces
  1025 | D:2      | Gained mutation: You have a pair of horns on your head.
                  | [demonic ancestry]
  1025 | D:2      | Reached XP level 4. HP: 34/35 MP: 4/4
  1048 | D:2      | Got the Excursus on Flamy Clouds
  1344 | D:3      | Noticed Pargi
  1357 | D:3      | Killed Pargi
  1358 | D:3      | Gained mutation: A weak demonic guardian rushes to your
                  | aid. [demonic ancestry]
  1358 | D:3      | Reached XP level 5. HP: 23/42 MP: 5/5
  1948 | D:3      | You fall into a shaft and drop 3 floors!
  1956 | D:6      | Found an iron altar of Okawaru.
  1964 | D:7      | Noticed an ogre
  2071 | D:6      | Reached skill level 1 in Dodging
  2071 | D:6      | Reached XP level 6. HP: 48/48 MP: 6/6
  2097 | D:6      | Noticed an ice beast
  2101 | D:5      | Entered Level 5 of the Dungeon
  2155 | D:5      | Found an opulent altar of Gozag.
  2729 | D:5      | Reached skill level 1 in Throwing
  2849 | D:4      | Found a staircase to the Ecumenical Temple.
  2860 | Temple   | Entered the Ecumenical Temple
  2935 | Temple   | Became a worshipper of Qazlal Stormbringer
  3023 | D:4      | Found an ornate altar of the Wu Jian Council.
  3140 | D:4      | Noticed an ice beast
  3154 | D:4      | Killed an ice beast
  3155 | D:4      | Gained mutation: You are partially covered in thin metallic
                  | scales. (AC +2) [demonic ancestry]
  3155 | D:4      | Reached XP level 7. HP: 34/54 MP: 7/7
  3158 | D:4      | Identified the +7 quarterstaff of Jeghup {holy, rElec Str+6
                  | Int-4}
  3171 | D:5      | Reached skill level 5 in Axes
  3171 | D:5      | Reached skill level 1 in Evocations
  3351 | D:4      | Reached skill level 1 in Stealth
  3684 | D:5      | Noticed Edmund
  3693 | D:5      | Killed Edmund
  3786 | D:5      | Gained mutation: You are mostly covered in thin metallic
                  | scales. (AC +3) [demonic ancestry]
  3786 | D:5      | Reached XP level 8. HP: 60/61 MP: 8/8
  4099 | D:5      | Reached skill level 1 in Invocations
  4178 | D:5      | Identified the +8 short sword of Liute {holy, Contam rF+
                  | rC+ Str+4}
  4722 | D:5      | Reached skill level 5 in Armour
  4957 | D:6      | Found a blossoming altar of Fedhas.
  4972 | D:6      | Reached XP level 9. HP: 59/67 MP: 11/11
  4977 | D:6      | Reached * piety under Qazlal
  5526 | D:7      | Reached skill level 5 in Fighting
  5872 | D:7      | Reached skill level 5 in Shields
  6153 | D:7      | Reached ** piety under Qazlal
  6743 | D:9      | Noticed a komodo dragon
  6749 | D:8      | Reached skill level 5 in Invocations
  6774 | D:8      | Found a runed translucent door.
  6774 | D:8      | Noticed equiv's ghost (novice DgRe)
  7019 | D:8      | Reached skill level 5 in Evocations
  7034 | D:8      | Gained mutation: You have a pair of large horns on your
                  | head. [demonic ancestry]
  7034 | D:8      | Reached XP level 10. HP: 66/74 MP: 13/13
  7270 | D:8      | Found a shimmering altar of Xom.
  7562 | D:9      | Identified the +1 robe "Agyruin" {rElec rC+++ Int-3 Stlth+}
  7590 | D:9      | Found Unowisch's Armour Emporium.
  7590 | D:9      | Found a staircase to the Orcish Mines.
  7818 | D:2      | Bought a runed scarf for 176 gold pieces
  7818 | D:2      | Bought a scroll of magic mapping for 165 gold pieces
  7818 | D:2      | Bought a scroll of enchant armour for 165 gold pieces
  8057 | D:9      | Found a radiant altar of Vehumet.
  8198 | D:10     | Entered Level 10 of the Dungeon
  8292 | D:10     | Reached *** piety under Qazlal
  8435 | D:9      | Noticed Maurice
  8439 | D:9      | Killed Maurice
  8677 | D:9      | Found a staircase to the Lair.
  9313 | D:10     | Found a hazy altar of Hepliaklqana.
  9511 | D:10     | Noticed a gargoyle
  9513 | D:10     | Identified the +8 mace of Kindness {speed, rF++ Int+4
                  | Stlth+}
  9516 | D:10     | Killed a gargoyle
  9533 | D:10     | Reached XP level 11. HP: 35/81 MP: 16/16
  9840 | D:10     | Identified a scroll of acquirement
  9840 | D:10     | Acquired the +9 plate armour of Xetoxt {rN++}
 10089 | D:11     | Noticed a skeletal warrior
 10089 | D:11     | Noticed a skeletal warrior
 10089 | D:11     | Noticed a skeletal warrior
 10208 | Orc:1    | Entered Level 1 of the Orcish Mines
 10373 | Orc:2    | Entered Level 2 of the Orcish Mines
 10374 | Orc:2    | Noticed Nessos
 10619 | Lair:1   | Entered Level 1 of the Lair of Beasts
 10788 | D:9      | Reached **** piety under Qazlal
 11096 | Lair:1   | Found a hazy altar of Hepliaklqana.
 11874 | Lair:2   | Gained mutation: You are mostly covered in sharp spines.
                  | [demonic ancestry]
 11874 | Lair:2   | Reached XP level 12. HP: 89/89 MP: 18/18
 11878 | Lair:2   | Reached skill level 10 in Axes
 11936 | Lair:2   | Found a staircase to the Snake Pit.
 11990 | Lair:2   | Got the Compilation of Elsewhere and Geology
 12232 | Lair:2   | Reached ***** piety under Qazlal
 12465 | Lair:2   | Reached skill level 10 in Invocations
 13080 | Lair:3   | Found a staircase to the Shoals.
 13237 | Lair:4   | Noticed a five-headed hydra
 13238 | Lair:4   | Noticed a six-headed hydra
 13248 | Lair:3   | Killed a two-headed hydra
 14087 | Lair:4   | Noticed a seven-headed hydra
 14106 | Lair:3   | Killed a five-headed hydra
 14127 | Lair:3   | Killed a four-headed hydra
 14516 | Lair:5   | Entered Level 5 of the Lair of Beasts
 14532 | Lair:5   | Reached XP level 13. HP: 96/96 MP: 21/21
 14610 | Lair:4   | Found a viscous altar of Jiyva.
 14611 | Lair:4   | Found a staircase to the Slime Pits.
 16622 | D:11     | Found Pezev's Antique Armour Emporium.
 16625 | D:11     | Bought a shimmering scale mail for 252 gold pieces
 16625 | D:11     | Identified the +1 scale mail of Yredelemnul's Regard {rElec
                  | rCorr Str-2 Stlth-} (You bought it in a shop on level 11 of
                  | the Dungeon)
 16721 | D:11     | Acquired the +3 pair of gauntlets of War {Slay+5}
 16721 | D:11     | Found the +3 pair of gauntlets of War {Slay+5}
 16722 | D:11     | Acquired a manual of Fighting
 17000 | D:12     | Found an ornate altar of the Wu Jian Council.
 17629 | D:13     | Gained mutation: You are completely covered in thin
                  | metallic scales. (AC +4, rElec) [demonic ancestry]
 17629 | D:13     | Reached XP level 14. HP: 105/105 MP: 23/23
 17674 | D:13     | Reached skill level 10 in Evocations
 17981 | D:15     | Entered Level 15 of the Dungeon
 18027 | D:14     | Reached skill level 10 in Shields
 18848 | D:14     | Noticed an ironbound preserver
 18859 | D:14     | Killed an ironbound preserver
 18892 | D:14     | Found a gate to the Vaults.
 18977 | D:14     | Found Ruefak's Distillery.
 19464 | D:15     | Found a staircase to the Depths.
 19996 | D:15     | Found a runed translucent gate.
 19996 | D:15     | Found a runed translucent gate.
 20020 | D:15     | Found a runed translucent gate.
 20172 | D:15     | Noticed a lich
 20172 | D:15     | Noticed a lich
 20172 | D:15     | Noticed a lich
 20173 | D:15     | Found an ancient bone altar of Kikubaaqudgha.
 20173 | D:15     | Noticed a lich
 20173 | D:15     | Noticed DeathPants's ghost (journeyman MiMo)
 20237 | D:15     | Blown up by a lich

Illustrated notes

Levels and vault maps discovered:
D:1:      arrival_zaba_pyramid, layout_rooms, chequers_ecumenical_altar_simple,
          serial_bayou_crossing
D:2:      layout_rooms, serial_shops, nicolae_shop_trees,
          nicolae_shop_hallway_plus, nicolae_diamond_shop, shop, basic_altar,
          dreamdust_princess_bridge
D:3:      layout_loops_ring, uniq_pargi
D:4:      layout_basic, mainiacjoe_overflow_24_doors, temple_fountains
D:5:      layout_loops_ring, mainiacjoe_overflow_chevrons, uniq_edmund
D:6:      layout_basic, fedhas_altar_fruit_tree, mainiacjoe_overflow_boulevard,
          minmay_mini_ossuary
D:7:      layout_rooms, enter_bailey_3, kennysheep_small_spiral
D:8:      layout_gridville, mainiacjoe_overflow_surrounded_room,
          general_overflow_altar, gammafunk_ghost_grave
D:9:      layout_roguey, vehumet_altar_wand_db, grunt_lair_entry_orc_guard_hut,
          orc_david_3, dk_rats_in_the_wall, uniq_maurice
D:10:     layout_cave_pods, nicolae_hepliaklqana_monster_ancestors
D:11:     layout_roguey, serial_shops, kennysheep_mini
D:12:     layout_irregular_city, nzn_wu_jian_contemplation
D:13:     layout_big_octagon
D:14:     layout_long_grid, skrybe_vaults_entry_preservation,
          nicolae_figureground_pulse, serial_shops, shop
D:15:     hangedman_depths_entry_civil_slaughter, layout_irregular_city,
          chequers_jeans, gammafunk_ghost_crypt
Temple:   nicolae_temple_great_sept
Lair:1:   layout_cave_shapes, basic_altar, minivault_25, lemuel_fruit_tree,
          serial_bayou_shore_b, infiniplex_staircase_pool_2, grunt_megastairs_3
Lair:2:   lemuel_slime, layout_hall_layers, dummy_snake_entry,
          small_statue_intersection, eino_house_with_fridge
Lair:3:   layout_hall_layers, minmay_shoals_entry_lonely_mermaid,
          minmay_stone_trees_small, serial_bayou_pond_d,
          infiniplex_staircase_pool
Lair:4:   layout_hall_layers, nicolae_slime_entry_slimehenge,
          cheibrodos_lair_lostbears, serial_bayou_shore_a
Lair:5:   evilmike_catoblepas_cave, layout_hall_layers,
          eino_small_chamber_without_monster, chequers_serial_rivers_large_b
Orc:1:    layout_caves, basic_altar
Orc:2:    st_orc_town, layout_diamond_mine, serial_shops, shop,
          nicolae_orc_damp_corner, uniq_erolcha, uniq_nessos

Skill      XL: |  1  2  3  4  5  6  7  8  9 10 11 12 13 14 |
---------------+-------------------------------------------+-----
Axes           | 2 3 4 5 6 7 8 9 11 12 13 | 13.0
Shields        | 3 4 5 6 7 8 9 10 | 10.8
Armour         | 3 4 5 6 7 8 9 |  9.4
Dodging        | 1 2 3 |  3.4
Fighting       | 4 5 6 7 8 9 |  9.2
Throwing       | 1 2 |  2.3
Evocations     | 2 3 5 6 7 8 9 10 | 10.9
Stealth        | 1 |  1.1
Invocations    | 3 5 7 9 10 12 13 | 13.4
Staves         | |  0.2

Action                   |  1- 3 |  4- 6 |  7- 9 | 10-12 | 13-15 || total
-------------------------+-------+-------+-------+-------+-------++-------
Melee: War axe           |    81 |    80 |   263 |   369 |   371 ||  1164
       Headbutt          |     7 |    12 |    41 |    75 |   103 ||   238
       Staff             |     4 |       |       |       |       ||     4
Throw: Boomerang         |     2 |       |       |       |       ||     2
       Dart              |       |     8 |    16 |     7 |     3 ||    34
Invok: Upheaval          |       |       |       |     1 |       ||     1
       Elemental Force   |       |       |       |       |     8 ||     8
Evoke: Wand              |       |       |       |       |     1 ||     1
  Use: Scroll            |       |    12 |     9 |     8 |     4 ||    33
       Potion            |       |     2 |       |     1 |     1 ||     4
 Stab: Paralysed         |       |       |       |       |     3 ||     3
       Distracted        |       |       |       |       |     1 ||     1
Armor: Scale mail        |    70 |    43 |    55 |       |       ||   168
       Plate armour      |       |       |    83 |   251 |   212 ||   546
Dodge: Dodged            |    38 |    35 |    81 |    82 |    66 ||   302
       Repelled          |       |       |       |     1 |     1 ||     2
Block: Buckler           |    24 |       |       |       |       ||    24
       Kite shield       |       |    50 |   165 |   389 |   380 ||   984

Table legend: (Time is in decaauts)
 A = Elapsed time spent in this place.
 B = Non-inter-level travel time spent in this place.
 C = Inter-level travel time spent in this place.
 D = Time resting spent in this place.
 E = Time spent auto-exploring this place.
 F = Levels seen in this place.
 G = Mean time per level.
                   A        B        C        D        E       F      G
               +--------+--------+--------+--------+--------+-----+--------+
         Total |  20620 |  19543 |   1077 |   2017 |  10497 |  23 |  896.5 |
       Dungeon |  14914 |  13996 |    918 |   1383 |   7477 |  15 |  994.3 |
        Temple |     88 |     88 |      0 |      0 |      0 |   1 |   88.0 |
          Lair |   5230 |   5080 |    150 |    454 |   2936 |   5 | 1046.0 |
  Orcish Mines |    386 |    378 |      8 |    180 |     83 |   2 |  193.0 |
               +--------+--------+--------+--------+--------+-----+--------+

Top non-repeatable levels by time:
  Lair:3: 1465 daAuts
     D:7: 1396 daAuts
     D:9: 1321 daAuts
    D:14: 1272 daAuts
    D:10: 1257 daAuts
     D:6: 1190 daAuts
  Lair:5: 1057 daAuts
     D:5: 1047 daAuts
    D:15: 1044 daAuts
  Lair:2: 1039 daAuts
     D:3: 1007 daAuts
     D:8: 1001 daAuts
     D:4: 997 daAuts
  Lair:1: 871 daAuts
    D:12: 842 daAuts
